 Dungeon Crawl Stone Soup version 0.17.1-3-g152610e (webtiles) character file.

98 Peloso the Shield-Bearer (level 4, -11/40 HPs)
             Began as a Minotaur Fighter on Mar 12, 2016.
             Killed by nerve-wracking pain
             ... invoked by an orc priest
              (14 damage)
             ... on level 2 of the Dungeon.
             The game lasted 00:04:07 (1400 turns).

Peloso the Shield-Bearer (Minotaur Fighter)         Turns: 1400, Time: 00:04:07

Health: -11/40     AC:  7    Str: 25    XL:     4   Next: 43%
Magic:  3/3        EV:  8    Int:  5    God:
Gold:   73         SH: 10    Dex: 11    Spells: 0 memorised, 3 levels left

rFire  . . .     SeeInvis .     a - +0 long sword
rCold  . . .     Clarity  .     b - +0 scale mail
rNeg   . . .     SustAt   .     c - +0 shield
rPois  .         Gourm    .     (helmet restricted)
rElec  .         Spirit   .     (no cloak)
rCorr  .         Warding  .     (no gloves)
rMut   .         Stasis   .     (no boots)
MR     .....                    (no amulet)
Stlth  ..........               (no ring)
                                (no ring)

@: mighty, not resistant to hostile enchantments, extremely unstealthy
A: retaliatory headbutt, horns 2
a: no special abilities


You were on level 2 of the Dungeon.
You were near starving.

You visited 1 branch of the dungeon, and saw 3 of its levels.

You collected 73 gold pieces.

Inventory:

Hand Weapons
 a - a +0 long sword (weapon)
Armour
 b - a +0 scale mail (worn)
 c - a +0 shield (worn)
Jewellery
 p - an uncursed ring of positive energy {unknown}
Scrolls
 h - a scroll of teleportation {unknown}
 i - 3 scrolls of identify {unknown}
 j - a scroll of recharging {unknown}
 k - a scroll of noise {unknown}
Potions
 d - a potion of might
 f - 2 potions of brilliance {unknown}
 g - a potion of invisibility {unknown}
 l - a potion of heal wounds {unknown}
 m - a potion of flight {unknown}
 n - a potion of agility {unknown}
 q - 2 potions of lignification {unknown}
Comestibles
 e - a bread ration


   Skills:
 + Level 4.3 Fighting
 + Level 2.8 Long Blades
 + Level 4.4 Armour
 + Level 1.2 Dodging
 + Level 0.1 Stealth
 + Level 4.7 Shields


You had 3 spell levels left.
You didn't know any spells.

Dungeon Overview and Level Annotations

Branches:
Dungeon (3/15)

Altars:
Dithmenos


Innate Abilities, Weirdness & Mutations

You reflexively headbutt those who attack you in melee.
You have a pair of horns on your head.


Message History

The jackal bites you but does no damage.
Something hits you.
* * * LOW HITPOINT WARNING * * *
The orc priest hits you but does no damage.
The jackal closely misses you.
Unknown command.
Drink which item? (? for menu, Esc to quit)
You feel very mighty all of a sudden.
You feel less confused. Something hits you but does no damage.
You block the jackal's attack.
The orc priest invokes the aid of Beogh against you.
Something smites you!
* * * LOW HITPOINT WARNING * * *
You hit the orc priest. Your headbutt misses the orc priest.
The orc priest is severely wounded.
The jackal barely misses you. You furiously retaliate!
You headbutt the jackal!
You kill the jackal!
Something hits you but does no damage.
The orc priest mumbles some strange prayers to Beogh against you.
Pain shoots through your body!
You die...

####.....#.##########
#.#[#.#... #.....#..........#
#.#.#.#...
#....###########.####.#...#...
#.....(.......##.#.....<..#...
##
#.....#######.##†#.##.#...#...
.#
##+#(.#...###.##.#.##.#.###.##
.#
#.(..#.#.#......#.##.#.....##
.#
###.##.#.#.#.####.##.#....)..
.# #)#......{@........#.####.#
## #.####.#.#o#.##.####......(
#### #.#
#.#.#.)............>.#
...####.#
#.#.######.##.........
...'....#
#.#..............#....
...######
#.#######..##......... ...#
#.#........##.#.#..... ...#
######.#.#####...........##
####
#...........##)#.........##


You could see an orc priest.

Vanquished Creatures
  An orc priest (D:2)
  2 adders
  A worm (D:2)
  A giant gecko (D:1)
  An orc (D:3)
  2 giant cockroaches
  12 goblins
  2 hobgoblins (D:1)
  A jackal (D:2)
  2 quokkas (D:2)
  A ball python (D:2)
  4 bats
  4 giant newts
  5 kobolds
  3 rats
42 creatures vanquished.

Notes
Turn   | Place    | Note
--------------------------------------------------------------
     0 | D:1      | Peloso the Minotaur Fighter began the quest for the Orb.
     0 | D:1      | Reached XP level 1. HP: 19/19 MP: 0/0
    52 | D:1      | Reached XP level 2. HP: 22/27 MP: 1/1
    55 | D:1      | Reached skill level 4 in Fighting
   576 | D:2      | Reached XP level 3. HP: 22/33 MP: 2/2
   900 | D:2      | Found a shadowy altar of Dithmenos.
  1152 | D:2      | Reached skill level 1 in Dodging
  1152 | D:2      | Reached XP level 4. HP: 9/40 MP: 3/3
  1400 | D:2      | Killed from afar by an orc priest

Action                   |  1- 3 |  4- 6 || total
-------------------------+-------+-------++-------
Melee: Long sword        |    90 |     4 ||    94
  Use: Potion            |       |     1 ||     1
